 Dungeon Crawl Stone Soup version 0.16-a0-1083-g6a3eec8 (webtiles) character file.

37 Bloax the Ruffian (level 3, 0/30 HPs)
             Began as a Minotaur Transmuter on Oct 5, 2014.
             Slain by a human (4 damage)
             ... on level 2 of the Dungeon.
             The game lasted 00:01:13 (275 turns).

Bloax the Ruffian (Minotaur Transmuter)              Turns: 275, Time: 00:01:13

HP   0/30        AC  3     Str 15      XL: 3   Next: 23%
MP   3/3         EV 17     Int 10      God:
Gold 15          SH  0     Dex 15      Spells:  1 memorised,  3 levels left

rFire  . . .     SeeInvis .       - Unarmed
rCold  . . .     Clarity  .     c - +0 robe
rNeg   . . .     rCorr    .     (no shield)
rPois  .         rRot     .     (helmet restricted)
rElec  .         Spirit   .     (no cloak)
SustAb .         Warding  .     (no gloves)
rMut   .         Stasis   .     h - +0 pair of boots (curse)
Gourm  .                        (no amulet)
MR     .....                    (no ring)
                                (no ring)

@: agile, not resistant to hostile enchantments, unstealthy
A: retaliatory headbutt, horns 2
a: no special abilities


You were on level 2 of the Dungeon.
You were not hungry.

You visited 1 branch of the dungeon, and saw 2 of its levels.

You collected 15 gold pieces.


Innate Abilities, Weirdness & Mutations

You reflexively headbutt those who attack you in melee.
You have a pair of horns on your head.


   Skills:
 + Level 2.8 Fighting
 - Level 2.1 Dodging
 + Level 4.1 Unarmed Combat
 - Level 1.3 Spellcasting
 - Level 1.5 Transmutations


You had 3 spell levels left.
You knew the following spells:

 Your Spells              Type           Power        Failure   Level  Hunger
a - Beastly Appendage     Trmt           #.....       21%         1    ##.....


Dungeon Overview and Level Annotations

Branches:
Dungeon (2/15)

Altars:
Yredelemnul

Inventory:

Missiles
 b - 12 arrows
Armour
 c - a +0 robe (worn)
 h - a cursed +0 pair of boots (worn)
   (You found it on level 1 of the Dungeon)
Comestibles
 a - a bread ration
 f - a meat ration
Scrolls
 e - a scroll of magic mapping {unknown}
 i - a scroll of enchant armour {unknown}
 j - a scroll of fear {unknown}
Books
 d - a book of Changes

   Spells                             Type                      Level
   *Beastly Appendage                 Transmutation                1
   Sticks to Snakes                   Transmutation                2
   Spider Form                        Transmutation/Poison         3
   Ice Form                           Ice/Transmutation            4
   Blade Hands                        Transmutation                5

. . ###. ######## ...
....##.(....# ..#
..)..........# ..#
#..p...##### ..
#.@###.#(..# .
#..#.'.#._.# #
#..###.#...# ####
#......##### )..#
######.......# ...###
##............#
.....####....#######.##
.............# #.#
.....####....# #.#


You could see a human.


Message History

You hit the human skeleton.
The human skeleton hits you but does no damage.
You hit the human skeleton. The human skeleton hits you.
You hit the human skeleton. You headbutt the human skeleton.
You destroy the human skeleton!
Your Unarmed Combat skill increases to level 4!
You have reached level 3!
Your experience leads to an increase in your attributes!
Increase (S)trength, (I)ntelligence, or (D)exterity?
You feel stronger.
You sense Yredelemnul urging you to kill the trapped human.
A goblin zombie comes into view.
Found 24 stones.
Found a basalt altar of Yredelemnul.
j - a scroll labeled VOYRER PRER AHI You barely miss the goblin zombie.
The goblin zombie barely misses you.
You barely miss the goblin zombie. You hit the goblin zombie.
The goblin zombie closely misses you.
You punch the goblin zombie!
You destroy the goblin zombie!
Found a glowing dagger.
As you open the door, it creaks loudly!
You strike the helpless human from a blind spot!
You hit the human.
The human is lightly wounded.
The human hits you.
A human is nearby!
You closely miss the human.
The human is lightly wounded.
The human misses you. You furiously retaliate!
You headbutt the human. You closely miss the human.
The human is lightly wounded.
The human barely misses you.
You closely miss the human.
The human is lightly wounded.
The human hits you.
* * * LOW HITPOINT WARNING * * *
You closely miss the human.
The human is lightly wounded.
The human barely misses you.
You hit the human.
The human is moderately wounded.
The human closely misses you. You furiously retaliate!
You headbutt the human. You barely miss the human.
The human is moderately wounded.
The human closely misses you.
You barely miss the human.
The human is moderately wounded.
The human misses you.
You closely miss the human.
The human is moderately wounded.
The human hits you.
* * * LOW HITPOINT WARNING * * *
You closely miss the human.
The human is moderately wounded.
The human closely misses you. You furiously retaliate!
You headbutt the human.
Unknown command.
Drink which item? (? for menu, Esc to quit)
You feel agile all of a sudden.
It was a potion of agility.
You hit the human.
The human is heavily wounded.
The human hits you.
* * * LOW HITPOINT WARNING * * *
You hit the human.
The human is severely wounded.
The human completely misses you.
You barely miss the human.
The human is severely wounded.
The human hits you.
You die...

Action                   || total
-------------------------++-------
Melee: Unarmed           ||    46
  Use: Potion            ||     1
 Stab: Distracted        ||     1

Vault maps used:
D:1:      noname_arrival_rooms_in_the_neighbourhood, serial_forest,
          infiniplex_forest_clump_long, infiniplex_forest_straight_3,
          infiniplex_forest_clump_tiny, infiniplex_forest_end_1,
          infiniplex_forest_side_room, infiniplex_forest_clump_medium,
          infiniplex_forest_clump_long, infiniplex_forest_lined_4_way,
          infiniplex_forest_clump_double, minmay_misc_feat_hallway
D:2:      lemuel_coloured_pillars_altar, dk_yredelemnul_ordeal

Notes
Turn   | Place    | Note
--------------------------------------------------------------
     0 | D:1      | Bloax, the Minotaur Transmuter, began the quest for the Orb.
     0 | D:1      | Reached XP level 1. HP: 16/16 MP: 2/2
   140 | D:1      | Reached skill level 2 in Fighting
   209 | D:2      | Reached XP level 2. HP: 22/24 MP: 2/2
   222 | D:2      | Noticed a human skeleton
   239 | D:2      | Killed a human skeleton
   239 | D:2      | Reached skill level 4 in Unarmed Combat
   239 | D:2      | Reached XP level 3. HP: 14/30 MP: 3/3
   240 | D:2      | Noticed a human
   243 | D:2      | Found a basalt altar of Yredelemnul.
   266 | D:2      | HP: 5/30 [human (6)]
   273 | D:2      | HP: 4/30 [human (2)]
   275 | D:2      | Slain by a human

Vanquished Creatures
  A human skeleton (D:2)
  An ooze (D:1)
  3 hobgoblins (D:1)
  A bat (D:2)
  A goblin zombie (D:2)
  A kobold (D:1)
  A rat (D:1)
9 creatures vanquished.
